 Dungeon Crawl Stone Soup version 0.21.1-1-g345015f (webtiles) character file.

16730 Heatsaber the Severer (level 12, -3/90 HPs)
             Began as a Minotaur Fighter on May 23, 2018.
             Was the Champion of Okawaru.
             Slain by an eight-headed hydra (9 damage)
             ... on level 1 of the Lair of Beasts.
             The game lasted 00:54:21 (11276 turns).

Heatsaber the Severer (Minotaur Fighter)           Turns: 11276, Time: 00:54:22

Health: -3/90      AC: 13    Str: 25    XL:     12   Next: 12%
Magic:  12/17      EV:  8    Int:  8    God:    Okawaru [******]
Gold:   696        SH: 13    Dex: 11    Spells: 11/11 levels left

rFire    + . .     SeeInvis +   E - +14 obsidian axe {chop, +Fly SInv *Curse} (curse)
rCold    + . .     Gourm    +   c - +0 shield
rNeg     . . .     Faith    .   C - +0 plate armour
rPois    .         Spirit   .   p - +1 hat
rElec    .         Reflect  .   R - scarf {rC+ rF+}
rCorr    .         Harm     .   (no gloves)
MR       .....                  M - +0 pair of boots
Stlth    ..........             i - amulet of the gourmand
HPRegen  0.25/turn              m - +3 ring of intelligence
MPRegen  0.15/turn              K - +2 ring of evasion

@: finesse, mesmerised
A: retaliatory headbutt, horns 2
a: Heroism, Finesse, Renounce Religion, Evoke Flight


You were on level 1 of the Lair of Beasts.
You worshipped Okawaru.
Okawaru was exalted by your worship.
You were very full.

You visited 3 branches of the dungeon, and saw 14 of its levels.
You also visited: Sewer.

You collected 696 gold pieces.

Inventory:

Hand Weapons
 b - a +0 blowgun
 E - the cursed +14 obsidian axe (weapon) {chop, +Fly SInv *Curse}
   (You found it on level 7 of the Dungeon)

   It inflicts extra damage upon your enemies.
   It lets you see invisible.
   It lets you fly.
   It curses itself when equipped.
   It has a curse placed upon it.
 Q - a +0 broad axe
Missiles
 n - 68 poisoned needles
 v - 5 needles of sleeping
 w - a tomahawk (quivered)
 G - a throwing net
 I - 6 javelins of penetration
Armour
 c - a +0 shield (worn)
 p - a +1 hat (worn)
 C - a +0 plate armour (worn)
 J - a +0 large shield
 M - a +0 pair of boots (worn)
 R - a scarf of resistance (worn)
Jewellery
 i - an amulet of the gourmand (around neck)
 m - a +3 ring of intelligence (left hand)
 B - an uncursed ring of wizardry
 K - a +2 ring of evasion (right hand)
Wands
 O - a wand of acid (9)
 P - a wand of digging (11)
Scrolls
 a - a scroll of random uselessness {unknown}
 e - a scroll of remove curse
 g - 2 scrolls of enchant armour {unknown}
 j - a scroll of torment {unknown}
 k - 3 scrolls of teleportation
 o - a scroll of amnesia {unknown}
 r - 3 scrolls of immolation
 y - a scroll of enchant weapon {unknown}
 z - a scroll of magic mapping {unknown}
 N - 2 scrolls of blinking {unknown}
 S - a scroll of identify
Potions
 d - 2 potions of might
 h - 2 potions of haste
 l - 5 potions of flight
 t - 3 potions of curing
 u - 2 potions of brilliance {unknown}
 x - a potion of lignification {unknown}
 A - a potion of ambrosia {unknown}
 L - a potion of cancellation {unknown}
 V - a potion of resistance {unknown}
Books
 q - a book of Minor Magic

   Spells                             Type                      Level
   a - Magic Dart                     Conjuration                  1
   b - Blink                          Translocation                2
   c - Call Imp                       Summoning                    2
   d - Slow                           Hexes                        2
   e - Conjure Flame                  Conjuration/Fire             3
   f - Mephitic Cloud                 Conjuration/Poison/Air       3
 s - a book of Maledictions

   Spells                             Type                      Level
   a - Corona                         Hexes                        1
   b - Ensorcelled Hibernation        Hexes/Ice                    2
   c - Confuse                        Hexes                        3
   d - Tukima's Dance                 Hexes                        3
   e - Dazzling Spray                 Conjuration/Hexes            3
 D - a book of Clouds

   Spells                             Type                      Level
   a - Poisonous Vapours              Poison/Air                   2
   b - Mephitic Cloud                 Conjuration/Poison/Air       3
   c - Conjure Flame                  Conjuration/Fire             3
   d - Freezing Cloud                 Conjuration/Ice/Air          6
   e - Ring of Flames                 Charms/Fire                  7
 F - a book of Callings

   Spells                             Type                      Level
   a - Summon Small Mammal            Summoning                    1
   b - Call Imp                       Summoning                    2
   c - Call Canine Familiar           Summoning                    3
   d - Summon Guardian Golem          Hexes/Summoning              3
   e - Summon Lightning Spire         Summoning/Air                4
   f - Summon Ice Beast               Ice/Summoning                4
 T - a book of Necromancy

   Spells                             Type                      Level
   a - Pain                           Necromancy                   1
   b - Animate Skeleton               Necromancy                   1
   c - Vampiric Draining              Necromancy                   3
   d - Regeneration                   Charms/Necromancy            3
   e - Animate Dead                   Necromancy                   4
   f - Borgnjor's Vile Clutch         Necromancy/Earth             5
Comestibles
 f - 31 rations


   Skills:
 - Level 3.6 Fighting
 * Level 15.0 Axes
 + Level 8.7 Throwing
 - Level 3.6 Armour
 + Level 11.5 Shields
 + Level 8.1 Invocations


You had 11 spell levels left.
You didn't know any spells.

Dungeon Overview and Level Annotations

Branches:
Dungeon (12/15)            Temple (1/1) D:6            Lair (1/6) D:11
    Orc (0/2) D:12

Altars:
Ashenzari
Cheibriados
Dithmenos
Elyvilon
Fedhas
Gozag
Hepliaklqana
Kikubaaqudgha
Makhleb
Nemelex Xobeh
Okawaru
Qazlal
Ru
Sif Muna
Trog
Uskayaw
Vehumet
Wu Jian
Xom
Yredelemnul
Zin
The Shining One


Innate Abilities, Weirdness & Mutations

You reflexively headbutt those who attack you in melee.
You have a pair of horns on your head.


Message History

Aim: an eight-headed hydra (severely wounded, mesmerising)
You throw a tomahawk.
The tomahawk hits the eight-headed hydra!
The eight-headed hydra is almost dead.
The eight-headed hydra bites you but does no damage.
The eight-headed hydra bites you!
* * * LOW HITPOINT WARNING * * *
The eight-headed hydra bites you.
* * * LOW HITPOINT WARNING * * *
You block the eight-headed hydra's attack. x2
The eight-headed hydra bites you!
* * * LOW HITPOINT WARNING * * *
The eight-headed hydra completely misses you.
You block the eight-headed hydra's attack.
Okay, then.
You can now deal lightning-fast blows.
The eight-headed hydra barely misses you.
The eight-headed hydra bites you but does no damage. x2
The eight-headed hydra bites you!
You die...

..
...#.#.........
###
#..............#
...
....#.(..>....#
###
#....(.......##
..#
#...(........#
#.#
..##...(.......#
..#
.......D.......#
#.####......^
#.@.......#
#......#PP
#.#........#
.........
#..P.#.##.P#
####....
###.........##
### # ##..#
..........###
##.. ### ...#
#.#.######.##
##.# #.###..#
...## ##.###..#
.......#..#
##.....#
#P###.....#
##.#..#


You could see an eight-headed hydra.

Vanquished Creatures
  2 hydras
  2 two-headed ogres
  The ghost of kirsanium the Protected, a novice DDFi of Makhleb (Lair:1)
  The ghost of raikaria the Fighter, a novice DrSk of Okawaru (D:8)
  3 unseen horrors
  A cyclops (D:11)
  2 komodo dragons (Lair:1)
  A troll (D:11)
  A queen bee (D:10)
  A hippogriff (D:7)
  10 yaks
  2 hungry ghosts
  The ghost of RedG the Covered, an amateur HaFi of Fedhas (D:5)
  Edmund (D:6)
  4 wargs (D:11)
  3 water moccasins
  2 porcupines
  6 ice beasts
  6 orc warriors
  A black bear (D:11)
  3 ogres
  3 phantoms
  2 centaurs
  A crocodile (Lair:1)
  3 big kobolds
  13 bullfrogs
  A wyvern zombie (D:11)
  4 scorpions
  16 killer bees (D:10)
  2 crimson imps
  5 jellies
  2 quasits
  A bullfrog zombie (D:11)
  A centaur zombie (D:11)
  2 bullfrog skeletons
  2 centaur skeletons
  4 hounds
  2 orc priests (D:11)
  12 orc wizards
  3 iguanas
  8 worker ants
  A hound skeleton (D:7)
  8 gnolls
  15 adders
  3 river rats (Sewer)
  2 shadow imps
  2 oozes
  An adder skeleton (D:7)
  5 worms
  3 dart slugs
  13 leopard geckos
  25 orcs
  8 bats
  11 giant cockroaches
  13 goblins
  13 hobgoblins
  22 jackals
  20 kobolds
  6 quokkas
  2 ball pythons
  A ball python skeleton (D:4)
  4 frilled lizards
  A leopard gecko skeleton (D:5)
  A quokka zombie (D:6)
  14 rats
  4 fungi
  2 plants
  A toadstool (D:1)
342 creatures vanquished.

Vanquished Creatures (collateral kills)
  The ghost of kirsanium the Shield-Bearer, a novice FoFi of Cheibriados (D:7)
  A cyclops (D:11)
  A hippogriff (D:11)
  A water moccasin (Lair:1)
  A porcupine (D:11)
  Duvessa (D:7)
  An orc warrior (D:11)
  2 ogres
  A crocodile (D:11)
  Dowan (D:7)
  8 killer bees (D:10)
  An electric eel (D:11)
  An orc wizard (D:11)
  A leopard gecko (D:10)
  2 orcs
  A jackal (D:7)
  A quokka zombie (D:7)
  2 fungi (D:11)
  A plant (D:11)
29 creatures vanquished.

Vanquished Creatures (others)
  5 fungi (Lair:1)
  A plant (Lair:1)
  3 toadstools (D:1)
9 creatures vanquished.

Grand Total: 380 creatures vanquished

Notes
Turn   | Place    | Note
-------+----------+-------------------------------------------
     0 | D:1      | Heatsaber the Minotaur Fighter began the quest for the Orb.
     0 | D:1      | Reached XP level 1. HP: 19/19 MP: 0/0
    54 | D:1      | Reached skill level 3 in Axes
    98 | D:1      | Reached XP level 2. HP: 22/26 MP: 1/1
   232 | D:1      | Reached XP level 3. HP: 30/31 MP: 2/2
   235 | D:1      | Reached skill level 4 in Axes
  1089 | D:2      | Reached XP level 4. HP: 39/39 MP: 3/3
  1168 | D:2      | Reached skill level 5 in Axes
  1529 | D:2      | Reached XP level 5. HP: 45/45 MP: 4/4
  1585 | D:2      | Reached skill level 5 in Shields
  1960 | D:3      | Reached skill level 6 in Axes
  2070 | D:3      | Found an iron altar of Okawaru.
  2078 | D:3      | Became a worshipper of Warmaster Okawaru
  2484 | D:4      | Reached XP level 6. HP: 46/51 MP: 5/5
  2519 | D:4      | Reached skill level 1 in Throwing
  2724 | D:4      | Found a glowing drain.
  2729 | D:4      | Reached * piety under Okawaru
  2738 | Sewer    | Entered a sewer
  2749 | Sewer    | Reached skill level 7 in Axes
  2991 | Sewer    | Found a white marble altar of Elyvilon.
  3090 | D:4      | Reached XP level 7. HP: 57/57 MP: 6/6
  3186 | D:5      | Entered Level 5 of the Dungeon
  3231 | D:5      | Found a blossoming altar of Fedhas.
  3305 | D:5      | Noticed RedG's ghost (amateur HaFi)
  3321 | D:5      | Killed RedG's ghost
  3321 | D:5      | Reached skill level 8 in Axes
  3606 | D:5      | Found a snail-covered altar of Cheibriados.
  3888 | D:5      | Reached ** piety under Okawaru
  3891 | D:5      | Reached skill level 1 in Invocations
  4020 | D:5      | Found a burning altar of Makhleb.
  4056 | D:5      | Reached XP level 8. HP: 64/64 MP: 7/7
  4635 | D:6      | Reached skill level 9 in Axes
  4888 | D:6      | Noticed Edmund
  4910 | D:6      | Killed Edmund
  5292 | D:6      | Found a staircase to the Ecumenical Temple.
  5352 | Temple   | Entered the Ecumenical Temple
  5986 | D:7      | Found the cursed +14 obsidian axe {chop, +Fly SInv *Curse}
  5996 | D:7      | Reached skill level 10 in Axes
  6073 | D:7      | Noticed kirsanium's ghost (novice FoFi)
  6081 | D:7      | Killed kirsanium's ghost
  6081 | D:7      | Reached *** piety under Okawaru
  6081 | D:7      | Reached XP level 9. HP: 45/70 MP: 10/10
  6100 | D:7      | Reached skill level 5 in Throwing
  6103 | D:7      | Reached **** piety under Okawaru
  6109 | D:7      | Noticed Duvessa
  6114 | D:7      | Noticed Dowan
  6119 | D:7      | Killed Duvessa
  6124 | D:7      | Killed Dowan
  6215 | D:7      | Reached skill level 11 in Axes
  6555 | D:8      | Found a radiant altar of Vehumet.
  6559 | D:8      | Found a snail-covered altar of Cheibriados.
  6564 | D:8      | Found a bloodstained altar of Trog.
  6762 | D:8      | Noticed raikaria's ghost (novice DrSk)
  6770 | D:8      | Killed raikaria's ghost
  6770 | D:8      | Received a gift from Okawaru
  6770 | D:8      | Reached skill level 5 in Invocations
  6770 | D:8      | Reached XP level 10. HP: 59/77 MP: 9/12
  6835 | D:8      | Noticed a two-headed ogre
  6840 | D:8      | Killed a two-headed ogre
  6840 | D:8      | Reached ***** piety under Okawaru
  6840 | D:8      | Received a gift from Okawaru
  6840 | D:8      | Reached skill level 12 in Axes
  7347 | D:9      | Noticed a two-headed ogre
  7352 | D:9      | Killed a two-headed ogre
  7643 | D:10     | Entered Level 10 of the Dungeon
  7926 | D:10     | Reached skill level 10 in Shields
  7949 | D:10     | Reached skill level 13 in Axes
  7956 | D:10     | Received a gift from Okawaru
  7957 | D:10     | Got a shimmering cloak {god gift}
  7963 | D:10     | Identified the +0 cloak of the Sun {rF+ Stlth+} (Okawaru gifted it to you on level 10 of the Dungeon)
  8664 | D:10     | Noticed an unseen horror
  8668 | D:10     | Killed an unseen horror
  8668 | D:10     | Reached XP level 11. HP: 26/82 MP: 14/14
  9214 | D:11     | Found a staircase to the Lair.
  9432 | D:11     | Found a blossoming altar of Fedhas.
  9596 | D:11     | Noticed an unseen horror
  9601 | D:11     | Killed an unseen horror
  9635 | D:11     | Reached skill level 14 in Axes
  9693 | D:11     | Noticed a four-headed hydra
  9699 | D:11     | Noticed an unseen horror
  9707 | D:11     | Killed a five-headed hydra
  9739 | D:11     | Killed an unseen horror
  9739 | D:11     | Reached ****** piety under Okawaru
 10043 | D:11     | Received a gift from Okawaru
 10326 | D:12     | Found a staircase to the Orcish Mines.
 10364 | Lair:1   | Entered Level 1 of the Lair of Beasts
 10429 | Lair:1   | Noticed kirsanium's ghost (novice DDFi)
 10442 | Lair:1   | Killed kirsanium's ghost
 10444 | Lair:1   | Reached XP level 12. HP: 53/90 MP: 15/17
 10473 | Lair:1   | Noticed a four-headed hydra
 10901 | Lair:1   | Noticed a four-headed hydra
 10921 | Lair:1   | Killed a ten-headed hydra
 10921 | Lair:1   | Reached skill level 15 in Axes
 11276 | Lair:1   | Slain by an eight-headed hydra

Skill      XL: |  1  2  3  4  5  6  7  8  9 10 11 12 |
---------------+-------------------------------------+-----
Axes           | 3 4 5 6 7 8 10 11 13 14 15 | 15.0
Shields        | 4 5 6 8 9 10 11 | 11.5
Throwing       | 2 3 4 5 7 8 |  8.7
Invocations    | 1 3 5 6 8 |  8.1
Fighting       | |  3.6
Armour         | |  3.6

Action                   |  1- 3 |  4- 6 |  7- 9 | 10-12 || total
-------------------------+-------+-------+-------+-------++-------
Melee: War axe           |   101 |   176 |   209 |    77 ||   563
       Headbutt          |    11 |    24 |    46 |    50 ||   131
       Broad axe         |       |       |    57 |   218 ||   275
 Fire: Blowgun           |       |    15 |     4 |       ||    19
Throw: Tomahawk          |       |       |       |     8 ||     8
       Javelin           |       |       |       |    10 ||    10
Invok: Heroism           |       |       |     3 |     2 ||     5
       Finesse           |       |       |       |     1 ||     1
  Use: Potion            |       |     3 |     1 |     6 ||    10
       Scroll            |       |     2 |     2 |     7 ||    11
 Stab: Invisible         |       |       |       |     1 ||     1
       Distracted        |       |       |       |     1 ||     1
  Eat: Chunk             |    15 |     7 |    16 |    20 ||    58
Armor: Scale mail        |    38 |    68 |    33 |       ||   139
       Plate armour      |       |       |    53 |   175 ||   228
Dodge: Dodged            |    39 |    59 |    52 |    85 ||   235
Block: Shield            |    62 |    93 |   126 |   218 ||   499
